Map: Troizinia LE

Players

artsalmon

  • Race: Protoss Protoss
  • Spawn Location: 9:00

KitsuneUdon

  • Race: Terran Terran
  • Spawn Location: 11:00

Meloch

  • Race: Terran Terran
  • Spawn Location: 11:00

Eternity

  • Race: Protoss Protoss
  • Spawn Location: 12:00

JaySlays

  • Race: Terran Terran
  • Spawn Location: 5:00

Wolf

  • Race: Terran Terran
  • League: Diamond
  • Spawn Location: 3:00

xyu

  • Race: Zerg Zerg
  • Spawn Location: 6:00

Goonesseur

  • Race: Protoss Protoss
  • League: Gold
  • Spawn Location: 5:00

VOD

Have the link to the VOD?

Description

Time

  • Played on: April 3, 2018, 11:59 p.m.
  • Length: 14:34
Show
View Real Time Build Order
Export as new Build Order

artsalmon Protoss 

Build Orders: Phoenix Opening 

Get SALT Encoding   

  12  0:09  Probe  
  13  0:21  Probe  
  14  0:26  Pylon  
  14  0:33  Probe  
  15  0:54  Probe  
  16  1:01  Gateway  
  16  1:04  Forge  
  16  1:06  Probe  
  16  1:08  Assimilator  
  17  1:15  Assimilator  
  17  1:18  Probe  
  18  1:30  Probe (Chrono Boost)  
  19  1:38  Photon Cannon  
  19  1:42  Probe (Chrono Boost)  
  19  1:46  Probe (Chrono Boost)  
  20  1:49  Pylon  
  21  1:57  Probe  
  22  2:04  Cybernetics Core  
  22  2:09  Probe  
  23  2:29  Probe  
  24  2:39  Photon Cannon  
  24  2:45  Stargate  
  24  2:57  Pylon  
  24  2:58  Probe  
  25  3:05  Nexus  
  25  3:13  Probe  
  26  3:21  Stargate  
  26  3:25  Probe  
  27  3:29  Phoenix  
  29  3:37  Probe  
  30  3:49  Probe  
  30  3:54  Phoenix  
  33  4:01  Probe  
  34  4:07  Phoenix  
  36  4:13  Probe, Assimilator  
  37  4:17  Assimilator  
  37  4:20  Probe  
  37  4:22  Phoenix  
  40  4:25  Probe  
  41  4:33  Probe  
  41  4:38  Probe  
  43  4:42  Phoenix  
  43  4:45  Probe  
  46  4:47  Phoenix  
  46  4:50  Probe  
  49  4:57  Probe  
  50  5:04  Probe  
  50  5:07  Phoenix  
  53  5:09  Probe  
  53  5:12  Pylon  
  54  5:30  Probe  
  55  6:31  Probe x2  
  57  6:41  Fleet Beacon  
  57  6:43  Probe x2, Pylon  
  57  6:44  Pylon  
  59  6:52  Pylon  
  59  6:56  Photon Cannon  
  59  7:19  Stargate  
  59  7:24  Stargate  
  59  7:28  Photon Cannon  
  59  7:31  Probe x2, Photon Cannon  
  59  7:33  Anion Pulse-Crystals  
  61  7:41  Cybernetics Core  
  61  7:43  Probe x2  
  63  7:47  Tempest x2  
  75  7:55  Probe x2  
  77  8:03  Pylon x2  
  77  8:11  Pylon  
  77  8:20  Pylon  
  77  8:21  Tempest x2  
  89  8:37  Tempest x2  
  101  8:42  Photon Cannon  
  101  8:44  Photon Cannon  
  101  8:46  Shield Battery  
  101  8:48  Pylon  
  101  8:49  Photon Cannon  
  99  9:10  Tempest  
  99  9:11  Carrier  
  109  10:07  Pylon  
  109  10:08  Pylon x2  
  109  10:09  Pylon  
  109  10:11  Pylon, Graviton Catapult  
  109  10:12  Pylon, Protoss Air Armor Level 1  
  109  10:14  Pylon  
  109  10:15  Pylon  
  109  10:16  Protoss Air Weapons Level 1  
  109  10:25  Carrier  
  109  10:26  Carrier  
  109  10:27  Carrier  
  127  11:01  Mothership  
  127  11:02  Probe  
  136  11:07  Pylon  
  136  11:09  Pylon  
  136  11:14  Probe  
  136  11:16  Carrier  
  143  11:25  Nexus  
  143  11:26  Probe  
  143  11:30  Assimilator  
  144  11:35  Assimilator  
  144  11:38  Photon Cannon  
  144  11:39  Photon Cannon  
  144  11:41  Photon Cannon, Shield Battery  
  144  11:44  Shield Battery  
  144  11:51  Carrier  
  150  11:54  Probe  
  151  12:06  Probe  
  151  12:07  Carrier  
  158  12:23  Pylon  
  158  12:24  Pylon  
  158  12:25  Pylon  
  158  12:27  Pylon  
  158  12:28  Pylon  
  158  12:53  Pylon  
  144  13:56  Photon Cannon  
Show
View Real Time Build Order
Export as new Build Order

KitsuneUdon Terran 

Build Orders: MMM Bio 

Get SALT Encoding   

  12  0:05  SCV  
  13  0:17  SCV  
  13  0:18  Supply Depot  
  14  0:29  SCV  
  15  0:41  Barracks, SCV  
  16  0:48  Refinery  
  16  0:53  SCV  
  17  1:05  SCV  
  18  1:20  SCV  
  19  1:30  Refinery  
  19  1:33  Orbital Command  
  19  1:36  Supply Depot  
  19  1:38  Reaper  
  20  2:04  Factory  
  20  2:07  SCV  
  21  2:12  Barracks Reactor  
  21  2:20  SCV  
  22  2:29  Barracks  
  22  2:32  SCV  
  23  2:44  SCV  
  24  2:47  Factory Tech Lab  
  24  2:48  Command Center  
  24  2:56  SCV  
  25  2:58  Supply Depot  
  25  3:01  Engineering Bay  
  25  3:07  Siege Tank  
  28  3:19  Barracks Tech Lab  
  28  3:22  Starport  
  28  3:24  SCV  
  29  3:30  Missile Turret  
  29  3:32  Terran Infantry Weapons Level 1  
  29  3:36  SCV  
  30  3:42  Stimpack  
  30  3:47  Marine x2  
  32  3:48  Marine  
  33  3:59  Orbital Command  
  33  4:03  Starport Reactor  
  33  4:10  Engineering Bay  
  33  4:13  Supply Depot  
  33  4:17  Orbital Command  
  33  4:20  Marine x3  
  36  4:44  SCV x2  
  38  4:46  Missile Turret  
  38  4:48  Marine  
  39  4:56  SCV x2  
  39  4:58  Missile Turret  
  41  5:01  Siege Tank  
  41  5:05  Medivac  
  46  5:08  Medivac, SCV  
  46  5:12  SCV  
  50  5:20  SCV  
  51  5:28  SCV, Refinery  
  52  5:29  Refinery  
  52  5:32  Marine x2, SCV  
  52  5:33  Marine  
  52  5:34  Supply Depot  
  56  5:40  SCV  
  57  5:44  SCV  
  58  5:50  Marine x2, Viking  
  58  5:55  Marine  
  63  6:07  Marine  
  63  6:08  Marine, Hellion  
  63  6:09  Medivac  
  69  6:13  Marine  
  70  6:28  Command Center  
  70  6:30  Terran Infantry Armor Level 1  
  70  6:31  Marine, Medivac  
  70  6:32  Hellion  
  75  6:34  Armory  
  75  6:39  Medivac  
  77  6:40  Supply Depot x2  
  77  6:42  Building Armor  
  77  6:43  Marine  
  78  6:49  Barracks  
  78  6:57  Supply Depot  
  78  7:01  Marine  
  73  7:14  SCV x2  
  75  7:23  Supply Depot  
  75  7:26  SCV x2  
  75  7:27  Terran Vehicle And Ship Armor Level 1  
  77  7:37  Barracks  
  77  7:38  SCV x2  
  77  7:42  Starport  
  79  7:48  Missile Turret  
  79  7:50  SCV x2  
  81  7:54  Orbital Command  
  81  7:58  Marine x2  
  81  8:01  Barracks Tech Lab  
  81  8:02  SCV  
  81  8:03  SCV  
  85  8:06  Combat Shields  
  85  8:13  Supply Depot  
  85  8:20  Starport Tech Lab  
  85  8:22  Barracks  
  85  8:26  Siege Tank  
  88  8:28  Barracks Reactor  
  88  8:37  Supply Depot x2  
  88  8:44  SCV  
  88  8:46  Refinery  
  88  8:47  Refinery  
  88  8:48  SCV x2  
  90  8:52  Marine  
  90  8:53  Marine  
  93  8:59  Viking  
  95  9:05  Marine x4  
  99  9:10  Marine x2  
  101  9:23  Marine  
  101  9:24  Command Center  
  102  9:25  Concussive Shells  
  99  9:34  Marine x2  
  99  9:35  Marine x2, Marauder x2  
  105  9:41  Marine  
  86  9:52  Marine x4  
  74  9:53  Siege Tank  
  74  9:56  Marauder x2  
  74  9:58  Marine  
  86  10:05  SCV x3  
  89  10:17  SCV x3  
  89  10:18  Terran Infantry Weapons Level 2  
  89  10:20  Terran Infantry Armor Level 2  
  92  10:21  Barracks Reactor  
  92  10:24  High Capacity Fuel Tanks  
  92  10:25  Siege Tank  
  95  10:29  SCV  
  96  10:36  Refinery  
  96  10:38  Missile Turret, Planetary Fortress  
  96  10:46  Marine, Marauder x2  
  101  10:51  SCV x2  
  103  10:57  Supply Depot, Siege Tank  
  103  11:00  Supply Depot, Missile Turret  
  103  11:01  Terran Vehicle Weapons Level 1  
  106  11:06  Marine  
  106  11:08  Marauder  
  79  11:29  Siege Tank  
  79  11:30  Marine  
  79  11:31  Marine x5, Marauder x2  
  92  11:41  Refinery  
  92  11:48  Marine x3  
  92  11:49  Marine x2, Raven  
  92  11:52  Marauder x2  
  103  11:55  SCV x3  
  106  12:01  Siege Tank  
  106  12:07  Marine x5  
  106  12:08  Marine  
  115  12:13  Marauder x2  
  119  12:16  Supply Depot  
  119  12:17  Supply Depot  
  119  12:35  SCV x2, Marauder x2  
  119  12:36  Hi-Sec Auto Tracking  
  125  12:46  Supply Depot  
  125  12:48  Supply Depot  
  125  12:56  Marauder x2  
  129  12:59  Marine  
  129  13:00  Marine  
  131  13:10  Supply Depot  
  128  13:16  Marine x3  
  128  13:17  Marine x2, Marauder  
  128  13:18  Marine, Marauder  
  135  13:33  Viking x2  
  135  13:34  Marine x4, Viking  
  139  13:35  Marine  
  139  13:38  Marine x2  
  139  13:39  Marauder  
  149  13:52  Marine x5  
  154  13:56  Marine x2  
  154  14:00  Marine  
  157  14:09  Marine  
Show
View Real Time Build Order
Export as new Build Order

Meloch Terran 

Build Orders:  

Get SALT Encoding   

  12  0:01  SCV  
  14  0:14  SCV  
  14  0:17  Supply Depot  
  14  0:26  SCV  
  15  0:36  Refinery  
  15  0:41  Barracks  
  15  0:45  SCV  
  16  0:57  SCV  
  17  1:09  SCV  
  18  1:12  Barracks  
  18  1:24  SCV  
  19  1:28  Reaper  
  20  1:36  Supply Depot, Orbital Command  
  20  1:52  Barracks  
  20  2:00  Reaper  
  21  2:02  Reaper  
  22  2:08  Refinery  
  22  2:11  SCV  
  23  2:23  Barracks, SCV  
  24  2:35  SCV  
  24  3:01  Reaper x3  
  27  3:46  Reaper x3  
  30  3:55  Reaper  
  30  3:59  Engineering Bay  
  31  4:03  Supply Depot  
  31  4:25  Reaper  
  31  4:27  Supply Depot  
  28  5:52  Factory  
  28  6:02  Command Center  
  28  6:21  Marine x2  
  28  6:22  Marine x2  
  26  6:43  Factory  
  26  6:45  Factory Tech Lab  
  26  6:48  Barracks Tech Lab  
  26  6:54  Barracks Tech Lab  
  26  7:02  Barracks Reactor  
  26  7:03  Supply Depot  
  26  7:04  Barracks Tech Lab  
  26  7:06  Supply Depot  
  26  7:08  Siege Tank  
  29  7:11  Marine  
  29  7:12  Marauder  
  32  7:20  Missile Turret, SCV  
  33  7:25  Stimpack  
  35  7:30  Marauder  
  35  7:32  Marine, SCV  
  37  7:40  Siege Tank  
  40  7:44  SCV  
  40  7:46  Refinery  
  40  7:51  Marine, Refinery, Marauder  
  44  7:52  Planetary Fortress  
  44  7:56  Factory Tech Lab  
  44  7:59  Marine x2, Marauder  
  48  8:12  SCV  
  49  8:16  Marine x2, Marauder  
  49  8:19  Widow Mine x2  
  57  8:20  Marauder  
  57  8:24  SCV  
  60  8:30  Missile Turret  
  60  8:36  SCV  
  60  8:40  Widow Mine, Sensor Tower  
  60  8:41  SCV  
  64  8:42  Marine x2  
  64  8:43  Marine, Marauder x2  
  64  8:48  SCV  
  72  8:53  Missile Turret, SCV  
  73  8:58  Hi-Sec Auto Tracking  
  73  9:00  SCV  
  74  9:05  SCV  
  75  9:10  Siege Tank  
  78  9:25  Supply Depot, Rapid Fire Launchers  
  78  9:47  SCV x2  
  78  9:48  Supply Depot  
  80  9:59  SCV x2  
  73  10:09  Marine  
  73  10:10  Marine x2, Marauder x2  
  73  10:12  Supply Depot, Widow Mine x2  
  82  10:20  Starport  
  82  10:21  SCV x2  
  82  10:22  Starport  
  82  10:27  Marine  
  85  10:34  Widow Mine x2  
  89  10:35  Marine  
  89  10:36  Marauder  
  92  10:51  Command Center  
  92  10:55  Siege Tank, Cyclone  
  98  11:07  Marine x2  
  98  11:08  Marauder  
  102  11:18  Marine  
  101  11:27  Starport Reactor  
  101  11:30  Starport Reactor  
  101  11:34  Missile Turret  
  101  11:43  Siege Tank, Marauder  
  101  11:44  Siege Tank  
  102  12:02  Marine x2  
  102  12:03  Marauder x2  
  102  12:05  Marauder  
  110  12:14  Medivac x3  
  116  12:17  Supply Depot  
  116  12:20  Marine  
  116  12:22  Supply Depot  
  117  12:27  Medivac  
  115  12:30  Missile Turret  
  115  12:34  Marauder  
  115  12:36  Planetary Fortress  
  117  12:39  Marine x3, Marauder  
  122  12:47  Supply Depot  
  122  12:49  Missile Turret  
  122  12:56  Marine x2  
  122  12:57  Marauder  
  126  13:01  Marauder  
  128  13:10  Marine  
  129  13:14  Marine  
  129  13:15  Marauder  
  129  13:18  SCV x3, Marauder  
  137  13:34  Sensor Tower  
  137  13:39  Factory  
  137  13:41  Siege Tank  
  140  13:43  Marine  
  141  14:02  Marine  
  141  14:05  Marauder  
Show
View Real Time Build Order
Export as new Build Order

Eternity Protoss 

Build Orders: Nexus First 

Get SALT Encoding   

  12  0:01  Probe  
  13  0:14  Pylon  
  13  0:20  Probe  
  14  0:32  Probe  
  15  0:47  Probe  
  16  1:02  Probe  
  16  1:04  Nexus  
  17  1:16  Gateway  
  17  1:21  Probe  
  17  1:24  Assimilator  
  18  1:30  Assimilator  
  18  1:33  Probe (Chrono Boost)  
  19  1:46  Probe (Chrono Boost)  
  20  1:55  Probe (Chrono Boost)  
  20  2:01  Probe  
  21  2:04  Pylon  
  22  2:13  Cybernetics Core  
  22  2:17  Probe  
  23  2:26  Probe (Chrono Boost)  
  25  2:31  Probe (Chrono Boost)  
  25  2:38  Probe (Chrono Boost)  
  25  2:42  Probe (Chrono Boost)  
  27  2:46  Probe (Chrono Boost)  
  27  2:48  Probe (Chrono Boost)  
  29  2:51  Assimilator  
  29  2:52  Probe  
  29  2:55  Assimilator  
  29  2:56  Probe  
  31  3:00  Stargate  
  31  3:04  Probe  
  32  3:08  Probe (Chrono Boost)  
  33  3:16  Probe (Chrono Boost)  
  34  3:21  Probe (Chrono Boost)  
  36  3:27  Probe (Chrono Boost)  
  36  3:28  Stargate  
  36  3:31  Probe (Chrono Boost)  
  36  3:32  Stargate  
  36  3:34  Probe (Chrono Boost)  
  38  3:35  Probe (Chrono Boost)  
  39  3:43  Probe  
  39  3:46  Probe  
  41  3:49  Pylon  
  41  3:50  Void Ray (Chrono Boost)  
  45  3:59  Probe  
  46  4:07  Probe  
  47  4:11  Probe  
  52  4:18  Void Ray (Chrono Boost)  
  52  4:21  Pylon  
  52  4:29  Pylon  
  52  4:42  Void Ray (Chrono Boost)  
  60  4:45  Pylon  
  60  4:46  Probe, Void Ray (Chrono Boost)  
  60  4:47  Probe  
  60  4:49  Void Ray (Chrono Boost)  
  66  5:12  Void Ray  
  70  5:24  Nexus  
  70  5:26  Void Ray  
  74  5:33  Protoss Air Weapons Level 1  
  74  5:36  Cybernetics Core  
  74  5:37  Forge  
  74  5:47  Pylon  
  74  5:48  Pylon  
  74  5:52  Void Ray  
  74  5:53  Assimilator  
  78  5:57  Assimilator  
  78  6:01  Pylon  
  78  6:31  Pylon  
  78  6:33  Pylon  
  78  6:37  Probe (Chrono Boost)  
  81  6:42  Probe x2 (Chrono Boost)  
  82  6:48  Probe (Chrono Boost)  
  82  6:51  Probe x2 (Chrono Boost)  
  82  6:52  Probe (Chrono Boost)  
  73  7:01  Probe x2  
  71  7:22  Probe x3  
  74  7:34  Probe x3  
  77  7:46  Probe x3  
  80  7:52  Void Ray x3  
  80  7:58  Probe x3, Protoss Air Armor Level 1, Stargate x2  
  92  8:04  Twilight Council  
  95  8:05  Pylon  
  95  8:07  Pylon x2  
  95  8:20  Photon Cannon  
  95  8:21  Photon Cannon  
  95  8:22  Pylon  
  95  8:23  Photon Cannon  
  95  8:24  Pylon  
  95  8:25  Photon Cannon x2  
  95  8:30  Pylon  
  95  8:37  Fleet Beacon  
  95  8:47  Void Ray x3  
  103  9:24  Protoss Air Weapons Level 2  
  103  9:27  Graviton Catapult  
  103  9:28  Carrier (Chrono Boost)  
  103  9:30  Carrier (Chrono Boost)  
  103  9:32  Carrier (Chrono Boost)  
  121  9:39  Carrier (Chrono Boost)  
  121  9:40  Carrier (Chrono Boost)  
  133  10:47  Carrier  
  133  10:48  Carrier  
  141  10:50  Carrier, Nexus  
  141  10:53  Assimilator  
  147  10:58  Assimilator  
  147  11:00  Pylon  
  147  11:01  Carrier x2  
  147  11:02  Pylon  
  159  11:04  Protoss Air Armor Level 2  
  155  12:15  Probe x4  
  159  12:27  Probe x3  
  159  12:28  Probe  
  163  12:30  Carrier x5  
  193  12:39  Probe x2  
  193  12:40  Probe  
  193  12:44  Probe  
  191  12:48  Nexus  
  173  12:51  Probe  
  173  12:52  Probe x2  
  173  12:56  Probe, Nexus  
  165  12:59  Assimilator  
  165  13:03  Assimilator  
  151  13:13  Assimilator  
  151  13:17  Assimilator  
  151  13:29  Pylon  
  151  13:34  Probe x3  
  153  13:36  Probe  
  155  13:46  Probe x2  
Show
View Real Time Build Order
Export as new Build Order

JaySlays Terran 

Build Orders: MMM Bio 

Get SALT Encoding   

  12  0:01  SCV  
  13  0:14  SCV  
  14  0:19  Supply Depot  
  14  0:26  SCV  
  15  0:40  SCV  
  16  0:43  Barracks  
  16  0:53  SCV  
  17  1:04  Refinery  
  17  1:05  SCV  
  18  1:17  SCV  
  19  1:30  Orbital Command  
  19  1:45  Marine, Command Center  
  20  1:50  Supply Depot  
  20  2:07  Barracks Tech Lab  
  20  2:12  Refinery  
  20  2:21  Barracks  
  20  2:23  SCV  
  20  2:28  Marine  
  22  2:36  SCV  
  23  2:46  Marine  
  23  3:03  Marine  
  24  3:10  Factory  
  24  3:12  Barracks Reactor  
  24  3:21  Marine, SCV x2  
  27  3:33  SCV  
  27  3:39  Marine  
  29  3:44  Orbital Command  
  29  3:45  SCV  
  29  3:50  Stimpack  
  29  3:51  Marine x2  
  31  3:55  Starport  
  31  3:57  Marine  
  31  4:01  Factory Reactor  
  32  4:07  SCV  
  32  4:08  Marine  
  32  4:09  Marine  
  35  4:14  SCV  
  35  4:15  Marine  
  37  4:19  SCV  
  38  4:26  SCV  
  39  4:31  SCV  
  39  4:33  Marauder  
  42  4:42  Marine  
  42  4:43  Marine  
  44  4:50  Supply Depot x2  
  44  4:54  Marine, SCV  
  46  5:00  Marine, SCV  
  46  5:06  SCV  
  46  5:12  Reaper x2, Cyclone x2  
  54  5:19  Reaper  
  48  5:38  SCV x2  
  50  5:43  Marine  
  50  5:44  Marine  
  52  5:50  Marine, SCV x2  
  52  5:55  Factory Tech Lab  
  50  6:01  Marine  
  50  6:02  Marine  
  49  6:05  Engineering Bay  
  49  6:08  Reaper  
  50  6:13  Medivac x2  
  54  6:19  Marine x2  
  56  6:29  SCV x2  
  58  6:33  Missile Turret  
  58  6:37  Marine x2  
  60  6:40  Marine  
  60  6:41  SCV  
  60  6:45  Supply Depot  
  60  6:47  Supply Depot  
  62  7:06  Marine x3  
  62  7:07  Medivac, Siege Tank  
  70  7:24  Marine x3, SCV x2  
  75  7:31  Supply Depot  
  75  7:32  Supply Depot  
  75  7:36  SCV x2  
  77  7:42  Marine  
  78  7:52  Marine x2, Medivac x2, SCV x2  
  78  7:57  Terran Infantry Weapons Level 1  
  86  8:00  Marine  
  86  8:02  Engineering Bay  
  86  8:04  SCV x2  
  89  8:07  Missile Turret  
  89  8:10  Marine x2  
  91  8:16  SCV x2  
  91  8:18  Marine  
  94  8:24  Refinery  
  94  8:26  Refinery  
  94  8:29  Terran Infantry Armor Level 1  
  94  8:30  Supply Depot  
  94  8:35  Supply Depot  
  94  8:37  Marine x3, SCV  
  98  8:45  Siege Tank  
  101  8:55  Marine x3  
  104  8:59  Combat Shields  
  104  9:06  SCV x2  
  106  9:13  Marine x3  
  109  9:18  SCV  
  109  9:22  Barracks  
  110  9:31  Marine x3  
  86  9:48  Marine x3  
  85  10:00  SCV  
  85  10:01  SCV  
  85  10:06  Marine x3  
  90  10:11  Barracks Reactor  
  90  10:12  Armory  
  90  10:18  Siege Tank  
  93  10:23  SCV  
  93  10:24  Marine x3  
  97  10:33  Barracks  
  97  10:42  Marine x3  
  100  10:47  Marine x2  
  102  11:00  Marine x3  
  102  11:01  Terran Infantry Armor Level 2, Terran Infantry Weapons Level 2  
  105  11:05  Marine x2  
  105  11:17  Marine x3  
  93  11:23  Marine x2  
  90  11:27  Marine  
  91  11:35  Marine x3  
  91  11:40  Marine  
  91  11:41  Marine  
  77  11:53  Marine x3  
  58  11:58  Marine x2  
  58  12:00  Barracks Reactor  
  59  12:11  Marine x3  
  62  12:16  Marine x2  
  64  12:25  Medivac x2  
  64  12:29  Marine x3  
  71  12:34  Marine x2  
  73  12:38  Barracks  
  73  12:39  Barracks  
  73  12:42  Marine  
  73  12:43  Marine  
  75  12:45  Barracks  
  75  12:47  Marine x3  
  78  12:52  Marine x2  
  78  12:55  Medivac  
  82  13:00  Marine  
  82  13:01  Marine  
  82  13:04  Marine x3  
  87  13:10  Marine x2  
  71  13:18  Marine x2  
  70  13:22  Marine x3  
  75  13:27  Marine  
  75  13:28  Marine  
  78  13:35  Barracks Reactor  
  78  13:36  Marine x2  
  78  13:37  Barracks Reactor  
  78  13:38  Barracks Reactor  
  78  13:40  Marine x3  
  80  13:45  Marine x2  
  82  13:54  Marine x2  
  84  13:58  Marine x3  
  87  14:03  Marine x2  
  87  14:12  Marine x2  
  87  14:16  Marine x3  
Show
View Real Time Build Order
Export as new Build Order

Wolf Terran 

Build Orders: Reaper Expand, MMM Bio 

Get SALT Encoding   

  12  0:01  SCV  
  13  0:14  SCV  
  14  0:24  Supply Depot  
  14  0:26  SCV  
  15  0:45  SCV  
  15  0:46  Barracks  
  16  0:57  SCV, Refinery  
  17  1:09  SCV  
  18  1:33  Orbital Command  
  18  1:37  Command Center  
  18  1:42  Reaper  
  19  1:59  SCV  
  20  2:05  Refinery  
  20  2:08  Supply Depot  
  20  2:11  SCV  
  20  2:14  Barracks Reactor  
  21  2:31  SCV  
  21  2:35  Barracks  
  22  2:39  Supply Depot  
  20  3:00  Marine x2  
  20  3:04  SCV  
  20  3:05  SCV  
  24  3:18  SCV x2  
  20  3:35  Marine x2, Barracks Tech Lab  
  20  3:37  SCV x2  
  22  3:49  SCV  
  22  3:51  Orbital Command  
  23  3:57  Factory  
  23  4:01  SCV  
  23  4:02  Supply Depot, Barracks  
  24  4:05  Marine  
  25  4:11  Stimpack  
  25  4:13  SCV  
  24  4:22  Marine x3  
  19  4:40  Marine x3  
  22  4:51  SCV x2  
  24  4:58  Marine x2  
  26  5:03  SCV  
  26  5:04  Marine  
  28  5:09  Starport  
  28  5:11  Barracks Reactor  
  28  5:12  Factory Reactor  
  28  5:17  SCV x2  
  30  5:28  Marine x2  
  30  5:29  Marine  
  30  5:46  Marine x3  
  30  5:48  Marine x2  
  35  5:52  SCV x2  
  37  6:04  Marine x3, SCV x2  
  37  6:06  Marine x2  
  44  6:11  Combat Shields  
  40  6:22  Marine x3  
  40  6:24  Marine  
  43  6:26  SCV x2  
  44  6:38  SCV  
  44  6:39  SCV  
  46  6:40  Marine  
  46  6:41  Marine x2  
  46  6:46  Marine  
  50  6:50  Medivac  
  39  7:08  Marine x2  
  39  7:09  Marine  
  42  7:17  Barracks Reactor  
  40  7:26  Marine x2  
  42  7:43  Marine  
  42  7:44  Marine x2, SCV x2  
  47  7:52  Medivac  
  47  7:56  SCV  
  47  7:57  SCV  
  51  8:02  Marine x2  
  51  8:03  Marine  
  51  8:04  Factory Tech Lab  
  54  8:14  Supply Depot  
  54  8:16  Supply Depot  
  54  8:19  Supply Depot  
  54  8:25  Supply Depot  
  54  8:35  Marine x5, SCV x2  
  54  8:38  Siege Tank  
  64  8:44  Viking  
  64  8:47  SCV x2  
  68  8:49  Refinery  
  68  8:50  Refinery  
  68  8:51  Supply Depot  
  68  8:53  Marine x5  
  73  8:58  Barracks  
  73  8:59  Barracks, SCV x2  
  73  9:12  SCV x2  
  73  9:22  Medivac x2  
  75  9:25  SCV x2  
  77  9:41  Orbital Command  
  77  9:43  Marine  
  78  10:16  SCV  
  78  10:17  Marine x2, SCV  
  78  10:18  Marine  
  78  10:20  Siege Tank, Engineering Bay x2  
  86  10:25  Barracks  
  86  10:32  Barracks  
  86  10:51  Command Center  
  86  11:27  Barracks Reactor  
  86  11:29  Concussive Shells  
  86  11:47  Supply Depot  
  86  11:49  Supply Depot  
  85  11:56  Marine  
  85  11:57  Siege Tank, SCV  
  49  12:10  Supply Depot  
  49  12:13  Supply Depot  
  40  12:33  Supply Depot  
  25  12:56  Supply Depot  
Show
View Real Time Build Order
Export as new Build Order

xyu Zerg 

Build Orders: Hatch First 

Get SALT Encoding   

  12  0:01  Drone  
  13  0:13  Overlord  
  13  0:18  Drone  
  14  0:22  Extractor  
  14  0:24  Drone  
  15  0:34  Drone  
  16  0:37  Drone  
  17  0:56  Hatchery  
  16  0:57  Drone  
  16  1:04  Drone  
  18  1:08  Extractor, Drone  
  18  1:20  Spawning Pool  
  18  1:22  Drone  
  18  1:32  Drone  
  19  1:48  Drone  
  19  1:51  Overlord  
  20  2:06  Queen  
  22  2:08  Zergling x2  
  22  2:09  Queen, Zergling x2  
  22  2:11  Metabolic Boost  
  26  2:21  Drone  
  26  2:22  Spine Crawler  
  26  2:24  Drone  
  26  2:28  Drone  
  28  2:36  Baneling Nest  
  27  2:38  Zergling x2  
  27  2:41  Drone  
  29  2:51  Zergling x4  
  31  3:00  Overlord x2  
  31  3:06  Drone x2  
  33  3:15  Drone  
  34  3:21  Zergling x6  
  34  3:22  Zergling x2  
  38  3:44  Overlord  
  38  3:45  Drone x3  
  38  3:46  Drone  
  42  4:03  Spore Crawler  
  42  4:04  Hatchery  
  42  4:07  Spore Crawler  
  42  4:08  Lair  
  39  4:14  Zergling x4  
  39  4:15  Zergling x4  
  43  4:29  Drone x4  
  43  4:30  Drone  
  48  4:56  Drone  
  48  4:57  Drone x6  
  54  5:06  Zergling x6  
  57  5:15  Spore Crawler  
  57  5:19  Spore Crawler  
  55  5:26  Hydralisk Den  
  55  5:28  Drone x4  
  57  5:35  Queen  
  57  5:45  Spore Crawler  
  57  5:46  Drone, Spore Crawler  
  57  5:47  Drone, Overlord x2  
  57  5:56  Extractor  
  57  5:57  Overlord x2  
  56  5:58  Muscular Augments  
  56  6:05  Queen x2  
  56  6:10  Drone x2  
  62  6:17  Hydralisk  
  62  6:18  Hydralisk x5  
  65  6:27  Extractor  
  65  6:29  Extractor  
  65  6:32  Overlord x2  
  63  6:48  Hydralisk  
  63  6:49  Hydralisk x2  
  63  6:50  Overlord x2  
  69  7:01  Overlord  
  69  7:02  Drone  
  69  7:03  Drone x7  
  73  7:10  Grooved Spines  
  72  7:16  Evolution Chamber  
  72  7:20  Drone  
  72  7:21  Drone x5  
  77  7:27  Nydus Network  
  77  7:29  Evolution Chamber  
  76  7:39  Drone  
  77  7:44  Extractor, Drone x2, Queen  
  77  7:45  Extractor  
  77  7:48  Zerg Missile Weapons Level 1  
  79  7:53  Infestation Pit  
  79  7:54  Pneumatized Carapace  
  79  7:56  Zerg Ground Armor Level 1  
  79  7:58  Drone x5  
  79  8:05  Drone  
  84  8:06  Drone x3  
  87  8:19  Hydralisk x3  
  91  8:25  Drone x2  
  91  8:26  Overlord  
  95  8:32  Overseer  
  95  8:40  Hydralisk  
  95  8:41  Hydralisk x2  
  97  8:48  Hatchery  
  100  8:51  Hydralisk x2  
  100  8:52  Hydralisk  
  106  9:02  Hydralisk  
  106  9:03  Hydralisk x4  
  116  9:22  Hydralisk  
  116  9:23  Hydralisk x2  
  122  9:24  Overlord x2  
  122  9:28  Overlord x2  
  120  9:39  Hydralisk x2  
  122  9:45  Hive  
  122  9:48  Drone  
  122  9:49  Drone x7  
  130  9:57  Lurker Den  
  121  10:01  Hydralisk x4  
  129  10:10  Zerg Missile Weapons Level 2  
  129  10:11  Hatchery  
  128  10:18  Zerg Ground Armor Level 2  
  128  10:19  Hydralisk  
  128  10:20  Hydralisk  
  132  10:29  Extractor  
  132  10:30  Spore Crawler  
  132  10:32  Extractor  
  132  10:33  Hydralisk x4  
  132  10:34  Hydralisk  
  139  10:47  Overlord x3  
  135  11:05  Viper x2  
  135  11:06  Viper x2  
  135  11:09  Viper  
  150  11:17  Evolution Chamber  
  150  11:18  Evolution Chamber  
  148  11:19  Evolution Chamber  
  148  11:21  Hydralisk  
  148  11:22  Hydralisk x5  
  159  11:32  Hydralisk x2  
  159  11:33  Hydralisk  
  159  11:35  Overlord x2  
  165  11:45  Hydralisk  
  165  11:46  Hydralisk x3  
  173  11:58  Drone x6  
  173  11:59  Overlord  
  179  12:11  Hydralisk  
  179  12:12  Hydralisk x5  
  191  12:17  Overlord x2  
  191  12:26  Hydralisk  
  191  12:27  Hydralisk x3  
  189  12:45  Hydralisk  
  189  12:46  Hydralisk x6  
  194  12:55  Hydralisk  
  194  12:56  Hydralisk x2  
  165  13:46  Viper x5  
  165  13:47  Viper x2  
Show
View Real Time Build Order
Export as new Build Order

Goonesseur Protoss 

Build Orders: 1 Gate Expand, Blink Stalkers 

Get SALT Encoding   

  12  0:01  Probe  
  13  0:13  Probe  
  14  0:20  Pylon  
  14  0:28  Probe  
  15  0:40  Gateway  
  15  0:48  Assimilator  
  15  0:59  Probe (Chrono Boost), Assimilator  
  17  1:11  Probe (Chrono Boost)  
  17  1:19  Probe (Chrono Boost)  
  18  1:26  Probe  
  19  1:33  Nexus  
  19  1:38  Probe  
  20  1:47  Cybernetics Core  
  20  1:55  Probe (Chrono Boost)  
  21  2:02  Pylon  
  21  2:12  Probe (Chrono Boost)  
  22  2:25  Probe (Chrono Boost)  
  23  2:30  Gateway  
  23  2:31  Twilight Council  
  23  2:43  Adept  
  25  2:47  Probe  
  26  2:53  Probe  
  26  2:57  Pylon  
  27  3:00  Probe  
  27  3:03  Forge  
  28  3:08  Probe  
  28  3:12  Blink  
  29  3:15  Warp Gate  
  29  3:36  Stalker  
  29  3:37  Stalker  
  29  3:39  Protoss Ground Weapons Level 1  
  34  3:41  Probe (Chrono Boost)  
  34  3:42  Probe (Chrono Boost)  
  35  3:51  Probe x2 (Chrono Boost)  
  37  3:56  Probe (Chrono Boost)  
  37  3:58  Probe  
  39  4:08  Probe  
  39  4:09  Shield Battery  
  40  4:10  Probe  
  40  4:16  Photon Cannon  
  41  4:20  Probe  
  41  4:23  Probe, Pylon  
  44  4:38  Probe  
  44  4:43  Gateway  
  44  4:45  Gateway  
  44  4:47  Robotics Facility  
  44  4:50  Pylon  
  44  4:53  Probe x2  
  44  4:59  Assimilator  
  46  5:04  Assimilator  
  46  5:05  Probe  
  38  5:28  Photon Cannon  
  38  5:31  Photon Cannon  
  38  5:39  Observer  
  39  5:46  Stalker x4  
  39  5:49  Protoss Ground Weapons Level 2  
  47  5:55  Forge  
  47  5:56  Pylon  
  47  6:11  Stalker x4  
  55  6:22  Probe x2  
  57  6:34  Probe  
  57  6:35  Probe  
  59  6:46  Probe  
  60  7:07  Stalker x3  
  60  7:08  Stalker  
  68  7:09  Probe x2  
  70  7:21  Probe x2  
  72  7:46  Stalker  
  72  7:47  Stalker x2  
  78  7:56  Pylon  
  78  8:01  Pylon  
  78  8:07  Stargate  
  78  8:08  Stargate  
  78  8:11  Stargate  
  78  8:12  Pylon  
  78  8:18  Photon Cannon  
  78  8:21  Protoss Shields Level 1, Photon Cannon  
  78  8:23  Protoss Air Weapons Level 1  
  78  8:45  Observer  
  79  8:58  Void Ray x2  
  79  8:59  Void Ray  
  91  9:18  Nexus  
  91  9:21  Pylon  
  91  9:24  Pylon  
  89  9:55  Fleet Beacon  
  89  10:14  Photon Cannon  
  89  10:20  Photon Cannon  
  89  10:23  Pylon  
  89  10:30  Stargate  
  89  10:32  Pylon  
  89  10:33  Protoss Shields Level 2, Protoss Air Armor Level 1 (Chrono Boost)  
  89  10:41  Tempest x2  
  101  10:48  Probe x3  
  104  11:00  Probe  
  105  11:05  Probe  
  105  11:06  Probe  
  107  11:11  Assimilator  
  107  11:12  Probe  
  107  11:15  Assimilator  
  107  11:17  Probe  
  107  11:18  Probe  
  110  11:19  Photon Cannon  
  110  11:24  Probe  
  111  11:28  Observer  
  111  11:29  Tempest  
  111  11:30  Probe, Tempest  
  125  11:34  Probe  
  125  11:36  Probe  
  127  11:42  Probe  
  127  11:46  Probe  
  129  11:48  Probe  
  129  11:54  Probe  
  131  11:59  Probe  
  132  12:05  Tempest  
  132  12:06  Tempest  
  144  12:17  Pylon  
  144  12:19  Pylon  
  144  12:25  Pylon  
  144  12:33  Nexus  
  144  12:34  Tempest  
  150  12:37  Pylon  
  92  13:26  Stalker  
  92  13:27  Stalker x3  
  84  13:31  Graviton Catapult (Chrono Boost)  
  112  13:56  Assimilator  
Tags
 
Add a new tag
Caveats
  • Supply blocks, unpowered buildings, or Contaminate may cause inaccurate times.
  • Supply counts are checked every 10 seconds.